AoeStats
← OGMudbone69

Black Forest

507345222Analyzed
2v2 RM · 13d ago on Sep 17, 2026· 86m 30s· 4 players
Game mode
Random Map
Map size
Medium (4 player)
Population
200
Speed
Normal
Resources
Standard
Victory
Conquest
Starting age
Dark Age
Ending age
Imperial Age
RankedLock teamsTeams togetherTeam positionsShared explorationLock speedFull tech treeHidden civsTurbo modeCheats
Victory
Defeat
🇨🇳 Khmer · China
958
+8
🇮🇳 Burgundians · India
649
+19
🇺🇸 Persians · United States
792
-15
🇨🇱 Huns · Chile
718
-12
OGMudbone69
0:39 Loom
13:14 Feudal Age
15:03 Double-Bit Axe
16:26 Man-at-Arms
20:07 Scale Mail Armor
21:12 Padded Archer Armor
21:42 Forging
21:42 Arson
27:37 Castle Age
28:25 Pikeman
31:25 Bow Saw
31:01 Long Swordsman
36:05 Gold Mining
36:12 Stone Mining
36:40 Horse Collar
41:20 Imperial Age
39:36 Wheelbarrow
39:21 Squires
42:09 Hand Cart
44:14 Citadels
43:28 Elite War Elephant
44:14 Heavy Plow
45:49 Crop Rotation
45:08 Halberdier
46:31 Conscription
48:32 Chemistry
47:04 Crossbowman
48:29 Scale Barding Armor
49:00 Iron Casting
48:57 Fishing Lines
49:17 Gambesons
50:15 Hoardings
51:49 Two-Man Saw
51:35 Chain Barding Armor
51:37 Thumb Ring
52:15 Kamandaran
53:55 Blast Furnace
53:55 Masonry
54:43 Chain Mail Armor
57:47 Gillnets
SEXO FUERTE
1:01 Loom
曾小贤
0:34 Loom
18:38 Feudal Age
22:48 Castle Age
26:05 Fishing Lines
28:37 Double-Bit Axe
35:20 Imperial Age
34:44 Bow Saw
34:17 Horse Collar
34:31 Stone Mining
34:35 Gold Mining
36:01 Gillnets
36:15 Elite Ballista Elephant
38:19 Wheelbarrow
38:46 Conscription
39:20 Tusk Swords
39:25 Herbal Medicine
40:57 Hand Cart
41:04 Double Crossbow
42:55 Hoardings
44:52 Heavy Plow
44:21 Cavalier
45:01 Husbandry
44:23 Light Cavalry
45:13 Bloodlines
44:27 Heavy Scorpion
46:23 Chemistry
45:19 Murder Holes
46:29 Padded Archer Armor
46:21 Fletching
46:42 Forging
46:33 Scale Mail Armor
46:38 Scale Barding Armor
46:32 Town Watch
47:25 Town Patrol
48:00 Crop Rotation
47:50 Leather Archer Armor
51:57 Ring Archer Armor
51:23 Bodkin Arrow
52:40 Ballistics
52:26 Siege Engineers
52:32 Fortified Wall
52:32 Masonry
52:13 Heated Shot
52:33 Bracer
53:09 Iron Casting
52:55 Chain Barding Armor
52:50 Chain Mail Armor
52:06 Onager
63:19 Plate Barding Armor
63:45 Blast Furnace
63:29 Architecture
63:20 Pikeman
65:16 Halberdier
75:07 Illumination
76:54 Hussar
House of Huns
0:30 Loom
1:21 Wheelbarrow
Connection lost

Rejoining the realm…

Still unreachable

The connection could not be restored.

Session expired

The server has moved on; the page needs a fresh start.